Map: Polka LE

Players

rostam - Winner!

  • Race: Terran Terran
  • Spawn Location: 5:00

Ulysse - Winner!

  • Race: Protoss Protoss
  • Spawn Location: 5:00

Massa

  • Race: Terran Terran
  • League: Platinum
  • Spawn Location: 11:00

qqq

  • Race: Zerg Zerg
  • Spawn Location: 11:00

VOD

Have the link to the VOD?

Description

Time

  • Played on: Jan. 29, 2021, 4:33 p.m.
  • Length: 7:12
Show
View Real Time Build Order
Export as new Build Order

rostam Terran - Winner!

Build Orders:  

Get SALT Encoding   

  12  0:00  SCV  
  13  0:12  SCV  
  14  0:20  Supply Depot  
  14  0:25  SCV  
  15  0:35  Refinery  
  15  0:42  SCV  
  16  0:49  Barracks  
  16  0:54  SCV  
  17  1:06  SCV  
  18  1:19  SCV  
  19  1:32  SCV  
  19  1:39  Reaper  
  21  1:45  Orbital Command  
  21  2:02  Command Center  
  20  2:09  Supply Depot  
  20  2:12  SCV  
  21  2:17  Barracks  
  21  2:19  Barracks Reactor  
  21  2:30  SCV  
  21  2:36  Factory  
  22  2:39  Refinery  
  22  2:42  SCV  
  23  2:56  Marine x2  
  25  2:59  SCV  
  26  3:10  Barracks Tech Lab  
  26  3:18  Orbital Command  
  26  3:24  Factory Reactor  
  26  3:25  Starport  
  26  3:26  Marine x2, Supply Depot  
  28  3:39  Marine  
  29  3:44  Marine x2  
  30  3:52  SCV x2  
  32  3:56  Stimpack  
  32  3:57  Marine  
  33  4:03  Marine  
  33  4:04  SCV  
  35  4:15  Marine  
  36  4:19  Hellion x2  
  36  4:22  Starport Reactor  
  36  4:24  Marine  
  40  4:30  SCV x2  
  43  4:38  Supply Depot  
  43  4:40  Marine  
  43  4:42  Orbital Command  
  43  4:44  Engineering Bay  
  43  4:45  Supply Depot  
  44  4:46  Marine x2  
  46  4:58  Marine  
  47  5:00  Supply Depot  
  47  5:01  Medivac x2  
  47  5:04  Marine  
  52  5:11  SCV x2  
  54  5:16  Marine  
  55  5:24  SCV, Supply Depot  
  56  5:31  Medivac  
  58  5:37  SCV  
  59  5:44  Combat Shield  
  59  5:46  Command Center  
  59  5:49  SCV  
  60  5:50  SCV  
  60  5:52  Medivac  
  63  5:58  Marine  
  64  6:04  SCV  
  64  6:06  Widow Mine  
  64  6:07  Widow Mine  
  69  6:11  SCV  
  69  6:14  Missile Turret  
  70  6:21  Marine  
  70  6:22  SCV  
  70  6:23  SCV  
  73  6:28  Widow Mine x2  
  75  6:43  Marine  
  75  6:44  Marine x2  
  75  6:45  SCV  
  74  6:57  SCV x2  
Show
View Real Time Build Order
Export as new Build Order

Ulysse Protoss - Winner!

Build Orders: Proxy Void Ray 

Get SALT Encoding   

  12  0:00  Probe  
  13  0:12  Probe  
  14  0:21  Pylon  
  14  0:24  Probe  
  15  0:39  Probe (Chrono Boost)  
  15  0:41  Gateway  
  16  0:48  Assimilator  
  17  0:51  Probe (Chrono Boost)  
  17  0:56  Probe (Chrono Boost)  
  18  1:09  Assimilator  
  18  1:11  Pylon  
  18  1:13  Probe (Chrono Boost)  
  19  1:23  Probe (Chrono Boost)  
  20  1:28  Probe (Chrono Boost)  
  21  1:34  Cybernetics Core  
  21  1:39  Probe  
  22  1:47  Pylon  
  22  1:51  Probe  
  23  2:03  Probe  
  24  2:11  Stargate  
  24  2:15  Probe, Shield Battery  
  25  2:18  Shield Battery  
  25  2:22  Stalker  
  25  2:26  Warp Gate  
  27  2:48  Shield Battery, Void Ray (Chrono Boost)  
  27  2:52  Probe  
  27  2:53  Pylon  
  32  3:15  Shield Battery  
  32  3:17  Pylon  
  32  3:23  Void Ray (Chrono Boost)  
  35  3:57  Void Ray (Chrono Boost)  
  39  4:27  Probe, Pylon  
  40  4:32  Void Ray (Chrono Boost)  
  40  4:39  Stalker  
  46  4:51  Probe  
  47  5:03  Probe  
  48  5:15  Probe  
  39  6:03  Probe  
  40  6:19  Twilight Council  
  40  6:20  Gateway  
  40  6:21  Gateway  
  40  6:24  Gateway  
  40  6:26  Gateway  
  40  6:28  Gateway  
  40  6:29  Nexus  
  40  6:33  Pylon  
  40  6:55  Probe  
Show
View Real Time Build Order
Export as new Build Order

Massa Terran 

Build Orders:  

Get SALT Encoding   

  12  0:00  SCV  
  13  0:13  SCV  
  14  0:19  Supply Depot  
  14  0:25  SCV  
  15  0:41  SCV  
  15  0:42  Barracks  
  16  0:48  Refinery  
  16  0:53  SCV  
  16  0:55  Refinery  
  17  1:11  SCV  
  18  1:23  SCV  
  19  1:35  SCV  
  20  1:48  SCV  
  20  1:52  Reaper  
  22  1:55  Supply Depot  
  22  1:59  Factory  
  22  2:00  Orbital Command  
  22  2:24  Reaper  
  22  2:27  SCV  
  24  2:30  Supply Depot  
  24  2:43  Command Center  
  24  3:10  Hellion  
  24  3:11  Marine  
  27  3:18  Barracks x2  
  27  3:29  Marine  
  26  3:48  Marine  
  26  3:56  Orbital Command  
  26  3:57  SCV  
  26  4:04  Marine  
  26  4:05  Marine  
  26  4:06  Marine, Engineering Bay  
  30  4:10  SCV  
  29  4:22  SCV, Marine  
  29  4:23  Marine  
  31  4:24  Marine  
  31  4:26  SCV, Factory  
  30  4:34  SCV  
  30  4:40  Marine  
  30  4:41  Marine  
  30  4:42  Marine  
  30  4:58  Marine  
  30  4:59  Marine  
  30  5:00  Marine  
  29  5:12  Missile Turret  
  29  5:13  Factory Tech Lab  
  27  5:17  Marine  
  27  5:19  Marine x2  
  30  5:35  Marine  
  31  5:45  Factory Tech Lab  
  31  5:50  Supply Depot  
  31  5:52  Command Center  
  31  5:58  Barracks Tech Lab  
  31  6:01  SCV  
  31  6:11  Marine  
  31  6:12  Cyclone, Siege Tank  
  31  6:13  SCV  
  31  6:17  Supply Depot  
  39  6:20  Supply Depot  
  39  6:32  Marine  
  39  6:33  Marine  
Show
View Real Time Build Order
Export as new Build Order

qqq Zerg 

Build Orders: Hatch First 

Get SALT Encoding   

  12  0:01  Drone  
  13  0:08  Drone  
  14  0:25  Overlord  
  14  0:46  Drone, Hatchery  
  14  0:50  Drone  
  14  0:54  Drone  
  16  1:03  Drone  
  17  1:10  Drone  
  18  1:25  Extractor, Drone, Spawning Pool  
  17  1:31  Drone  
  18  1:41  Drone  
  19  1:53  Drone  
  20  2:06  Drone  
  20  2:07  Drone  
  22  2:14  Queen  
  22  2:15  Queen  
  26  2:19  Overlord  
  26  2:20  Drone  
  27  2:28  Overlord  
  26  2:43  Metabolic Boost  
  26  2:45  Zergling x4  
  26  2:46  Drone  
  26  2:47  Zergling x2  
  26  2:48  Drone  
  31  2:57  Zergling x2  
  31  2:58  Drone  
  33  3:09  Zergling x2  
  33  3:10  Zergling x2  
  35  3:22  Zergling x2  
  35  3:23  Zergling x2  
  35  3:25  Zergling x2  
  35  3:26  Zergling x4  
  40  3:27  Zergling x2, Overlord  
  40  3:28  Zergling x2  
  40  3:32  Queen  
  44  3:42  Overlord  
  44  3:44  Queen  
  46  4:04  Overlord  
  46  4:05  Drone, Zergling x2  
  46  4:06  Drone x2  
  47  4:38  Queen  
  51  4:41  Lair  
  51  4:44  Drone x3  
  51  4:45  Drone x3  
  53  4:49  Extractor  
  54  5:13  Queen  
  54  5:15  Drone x2  
  52  5:42  Drone x3  
  52  5:51  Drone, Overlord x2  
  52  5:56  Drone  
  52  6:09  Drone  
  52  6:11  Hatchery, Zergling x2  
  52  6:16  Baneling Nest  
  52  6:19  Drone  
  52  6:20  Drone, Spire  
  52  6:23  Extractor x2  
  51  6:27  Hatchery, Spine Crawler  
  37  6:52  Zergling x6  
  37  6:53  Zergling x4  
  37  6:54  Zergling x2  
  43  7:01  Evolution Chamber x2  
Tags
 
Add a new tag
Caveats
  • Supply blocks, unpowered buildings, or Contaminate may cause inaccurate times.
  • Supply counts are checked every 10 seconds.